 Dungeon Sprint DCSS version 0.21-a0-59-g7b0e191 (webtiles) character file.

15 Kidiri the Ducker (level 2, -2/43 HPs)
             Began as a Troll Fighter on June 16, 2017.
             Was a Believer of Wu Jian.
             Slain by a gnoll
             ... wielding a +0 flail
              (7 damage)
             ... in the Dungeon (Sprint VII: "The Pits").
             The game lasted 00:02:17 (272 turns).

Kidiri the Ducker (Troll Fighter)                    Turns: 272, Time: 00:02:18

Health: -2/43      AC:  5    Str: 28    XL:     2   Next: 34%
Magic:  1/1        EV: 10    Int:  4    God:    Wu Jian [**....]
Gold:   0          SH:  0    Dex:  9    Spells: 1/1 levels left

rFire    . . .     SeeInvis .   (no weapon)
rCold    . . .     Gourm    +   (no shield)
rNeg     . . .     Faith    .   b - +0 robe
rPois    .         Spirit   .   (helmet restricted)
rElec    .         Reflect  .   (no cloak)
rCorr    .         Harm     .   (gloves unavailable)
MR       .....     NoTele   +   (boots unavailable)
Stlth    ..........             (no amulet)
HPRegen  0.54/turn              (no ring)
MPRegen  0.07/turn              (no ring)

@: berserking, hasted, glowing, very quick
A: unfitting armour, claws 3, fast metabolism 3, gourmand, regeneration 1,
shaggy fur 1, tough skin 2
a: Renounce Religion


You were in the Dungeon.
You worshipped Wu Jian.
Wu Jian was pleased with you.
You were not hungry.

You visited 1 branch

Inventory:

Hand Weapons
 q - a +2 mace
Armour
 b - a +0 robe (worn)
Scrolls
 k - a scroll of blinking
 l - 3 scrolls of remove curse
 m - 5 scrolls of amnesia
 n - a scroll of summoning
Potions
 c - 2 potions of invisibility
 d - a potion of might
 i - 4 potions of magic
 j - 2 potions of berserk rage
Comestibles
 f - 9 bread rations
 o - 40 fruits
 p - 7 meat rations


   Skills:
 + Level 2.9 Fighting
 * Level 2.7 Maces & Flails
 + Level 1.0 Armour
 * Level 3.0 Dodging
 * Level 1.2 Stealth
   Level 2.4 Shields


You had one spell level left.
You didn't know any spells.

Dungeon Overview and Level Annotations

Branches:
Dungeon (1/1)

Altars:
Ashenzari
Cheibriados
Dithmenos
Elyvilon
Fedhas
Gozag
Hepliaklqana
Kikubaaqudgha
Makhleb
Nemelex Xobeh
Okawaru
Qazlal
Ru
Sif Muna
Trog
Uskayaw
Vehumet
Wu Jian
Xom
Yredelemnul
Zin
The Shining One
Beogh
Jiyva
Lugonu


Innate Abilities, Weirdness & Mutations

You are too large for most types of armour.
You have claws for hands.
Your metabolism is lightning-fast.
You like to eat raw meat.
Your natural rate of healing is unusually fast.
You are covered in fur. (AC +1)
You have very tough skin. (AC +2)


Message History

Unknown command.
You spin to attack the gnoll shaman, but your attack speed is too slow for a blow to land.
You spin and attack the gnoll.
You barely miss the gnoll.
The gnoll is severely wounded.
Unknown command.
You spin and attack the gnoll shaman repeatedly.
You claw the gnoll shaman!
The gnoll shaman is severely wounded.
You closely miss the gnoll shaman.
The gnoll shaman is severely wounded.
You spin and attack the gnoll.
You claw the gnoll!
You kill the gnoll!
The Council accepts your kill.
You can now perform distracting airborne attacks by moving against a solid obstacle.
Your Armour skill increases to level 1!
Your Dodging skill increases to level 3!
Your Stealth skill increases to level 1!
You have reached level 2!
The adder zombie barely misses you. The gnoll hits you with a flail!
You die...

############ #_________.#
#_________.#
#_______...###########++
##########+##.g.........
#.?(.+)))+.##)@Z...#..#.
##########.##gg.........
#(...(รท(....'g..........
#+#####'#####......#..#.
#..#..# #...........
#..g..# ####+#####++
#Z.#### #.......# #.g#
#.......# #..# #.......#


You could see a gnoll shaman, 2 gnolls, an adder zombie and a goblin.

Vanquished Creatures
  A gnoll (D)
  2 kobolds (D)
  A quokka (D)
  2 frilled lizards (D)
  A leopard gecko skeleton (D)
7 creatures vanquished.

Notes
Turn   | Place    | Note
-------+----------+-------------------------------------------
     0 | D        | Kidiri the Troll Fighter began the quest for the Orb.
     0 | D        | Reached XP level 1. HP: 22/22 MP: 0/0
    56 | D        | Found a bloodstained altar of Trog.
    56 | D        | Found a deep blue altar of Sif Muna.
    56 | D        | Found a viscous altar of Jiyva.
    56 | D        | Found a hazy altar of Hepliaklqana.
    56 | D        | Found an opulent altar of Gozag.
    57 | D        | Found a glowing golden altar of the Shining One.
    57 | D        | Found a glowing silver altar of Zin.
    57 | D        | Found a basalt altar of Yredelemnul.
    57 | D        | Found a shimmering altar of Xom.
    57 | D        | Found an ornate altar of the Wu Jian Council.
    57 | D        | Found a sacrificial altar of Ru.
    57 | D        | Found a stormy altar of Qazlal.
    57 | D        | Found an iron altar of Okawaru.
    57 | D        | Found a sparkling altar of Nemelex Xobeh.
    57 | D        | Found a burning altar of Makhleb.
    57 | D        | Found a blossoming altar of Fedhas.
    57 | D        | Found a white marble altar of Elyvilon.
    57 | D        | Found a shadowy altar of Dithmenos.
    57 | D        | Found a snail-covered altar of Cheibriados.
    59 | D        | Found a radiant altar of Vehumet.
    59 | D        | Found a corrupted altar of Lugonu.
    59 | D        | Found a roughly hewn altar of Beogh.
    60 | D        | Found a hide-covered altar of Uskayaw.
    60 | D        | Found an ancient bone altar of Kikubaaqudgha.
    60 | D        | Found a shattered altar of Ashenzari.
    66 | D        | Became a worshipper of the Wu Jian Council
   226 | D        | Reached * piety under Wu Jian
   246 | D        | Noticed a gnoll shaman
   267 | D        | HP: 1/22 [gnoll shaman/club (4)]
   272 | D        | Reached ** piety under Wu Jian
   272 | D        | Reached skill level 1 in Armour
   272 | D        | Reached skill level 3 in Dodging
   272 | D        | Reached skill level 1 in Stealth
   272 | D        | Reached XP level 2. HP: 5/29 MP: 1/1
   272 | D        | Slain by a gnoll

Vault maps used:
D:        pitsprint

Skill      XL: |  1 |
---------------+----+-----
Maces & Flails | 2 |  2.7
Armour         | 1 |  1.0
Dodging        | 3 |  3.0
Stealth        | 1 |  1.2
Fighting       | |  2.9
Shields        | |  2.4

Action                   || total
-------------------------++-------
Melee: Unarmed           ||    29
       Mace              ||    12
  Use: Potion            ||     4
  Eat: Chunk             ||     3
Armor: Robe              ||    13
Dodge: Dodged            ||    32
